 Dungeon Sprint DCSS version 0.21-a0-417-g0adc95b (webtiles) character file.

7 Kidiri the Ruffian (level 1, 0/17 HPs)
             Began as a Draconian Transmuter on Nov 3, 2017.
             Slain by a human (9 damage)
             ... in the Dungeon (Sprint III: "The Ten Rune Challenge").
             The game lasted 00:02:34 (243 turns).

Kidiri the Ruffian (Draconian Transmuter)            Turns: 243, Time: 00:02:35

Health: 0/17       AC:  4    Str: 12    XL:     1   Next: 83%
Magic:  3/3        EV: 12    Int: 13    God:
Gold:   0          SH:  0    Dex: 11    Spells: 3/4 levels left

rFire    . . .     SeeInvis .   j - +0 club
rCold    . . .     Gourm    .   (no shield)
rNeg     . . .     Faith    .   (armour unavailable)
rPois    .         Spirit   .   (helmet restricted)
rElec    .         Reflect  .   (no cloak)
rCorr    .         Harm     .   (no gloves)
MR       .....     NoTele   +   (boots currently unavailable)
Stlth    +.........             (no amulet)
HPRegen  0.05/turn              (no ring)
MPRegen  0.08/turn              (no ring)

@: appendage (expiring)
A: unfitting armour, talons 3, cold-blooded, AC +4
a: End Transformation


You were in the Dungeon.
You were not hungry.
You had grown temporary talons.
You visited 1 branch

Inventory:

Hand Weapons
 j - a +0 club (weapon)
Missiles
 a - 12 arrows
Scrolls
 i - a scroll of blinking
 l - a scroll of remove curse {unknown}
Potions
 d - a potion of curing
 f - a potion of haste
 g - 2 potions of magic
 h - a potion of berserk rage
Books
 b - a book of Changes

   Spells                             Type                      Level
   a - Beastly Appendage              Transmutation                1
   b - Sticks to Snakes               Transmutation                2
   c - Spider Form                    Transmutation/Poison         3
   d - Ice Form                       Ice/Transmutation            4
   e - Blade Hands                    Transmutation                5
Comestibles
 c - a bread ration
 k - a chunk of flesh


   Skills:
 * Level 2.1 Fighting
 + Level 2.1 Dodging
 + Level 0.9 Stealth
 * Level 3.4 Unarmed Combat
 + Level 2.2 Spellcasting
 * Level 2.6 Transmutations


You had 3 spell levels left.
You knew the following spells:

 Your Spells              Type           Power        Failure   Level  Hunger
a - Beastly Appendage     Tmut           #.....       9%          1    ##.....


Dungeon Overview and Level Annotations

Branches:
Dungeon (1/1)

Altars:


Innate Abilities, Weirdness & Mutations

Your plain brown scales are hard. (AC +4)
You cannot fit into any form of body armour.
You are cold-blooded and may be slowed by cold attacks.
You have claws for feet.


Message History

Unknown command.
You feel much better. The human barely misses you.
You completely miss the human.
The human is lightly wounded.
The human hits you! The human hits you.
You hit the human. You claw the human.
The human is moderately wounded.
The human closely misses you.
Unknown command.
You hit the human but do no damage. Your kick misses the human.
Your tail-slap misses the human.
The human is moderately wounded.
Your transformation is almost over.
The human hits you but does no damage.
Unknown command.
You hit the human.
The human is moderately wounded.
The human closely misses you. The human hits you!
Ouch! That really hurt!
You die...

▓▓▓▓▓▓▓▓▓
▓<..#...####
▓...#......##
▓..##...÷...#
▓##.##.##...# .#
##.##.###..# ..#
▓#.####.##..# ...+
▓.###..##..##
#p..# ▓#.....##.@#
#....#
###..##..p##.....#
##..##....#......#
#..###..##.# #..#
#..#### ▓▓▓▓ ▓▓▓▓


You could see a human.

Vanquished Creatures
  An ooze (D)
  3 rats (D)
4 creatures vanquished.

Vanquished Creatures (others)
  A draconian scorcher (D)
  6 hellions (D)
  A yaktaur (D)
  4 plants (D)
12 creatures vanquished.

Grand Total: 16 creatures vanquished

Notes
Turn   | Place    | Note
-------+----------+-------------------------------------------
     0 | D        | Kidiri the Draconian Transmuter began the quest for the Orb.
     0 | D        | Reached XP level 1. HP: 16/16 MP: 3/3
    91 | D        | Killed a hellion
    91 | D        | Killed a hellion
   105 | D        | Killed a hellion
   145 | D        | Killed a hellion
   147 | D        | Killed a hellion
   170 | D        | Killed a white draconian scorcher
   191 | D        | Killed a yaktaur
   202 | D        | Killed a hellion
   243 | D        | Slain by a human

Vault maps used:
D:        dungeon_sprint_mu

Skill      XL: |  1 |
---------------+----+-----
Fighting       | 2 |  2.1
Dodging        | 2 |  2.1
Stealth        | |  0.9
Unarmed Combat | |  3.4
Spellcasting   | |  2.2
Transmutations | |  2.6

Action                   || total
-------------------------++-------
Melee: Club              ||    11
       Unarmed           ||     4
       Kick              ||     4
       Tailslap          ||     3
 Cast: Beastly Appendage ||     4
  Use: Potion            ||     1
Armor: Skin              ||     2
Dodge: Dodged            ||     5

Table legend:
 A = Spawn XP
 B = Non-spawn XP
 C = Spawn XP percentage of total XP
 D = Spawn monster count
 E = Non-spawn monster count
 F = Spawn count percentage of total count
 G = Total turns spent on level
                    A         B        C        D         E        F      G
               +---------+---------+-------+---------+---------+-------+---------
         Total |       0 |      10 |   0.0 |       0 |       4 |   0.0 |   243
               +---------+---------+-------+---------+---------+-------+---------
             D |       0 |      10 |   0.0 |       0 |       4 |   0.0 |   243
               +---------+---------+-------+---------+---------+-------+---------
